AoeStats
← kkkg

Arena

508997469Analyzed
2v2 RM · 7d ago on Sep 25, 2026· 37m 3s· 4 players
Game mode
Random Map
Map size
Medium (4 player)
Population
200
Speed
Normal
Resources
Standard
Victory
Conquest
Starting age
Dark Age
Ending age
Imperial Age
RankedLock teamsTeams togetherTeam positionsShared explorationLock speedFull tech treeHidden civsTurbo modeCheats
Victory
Defeat
1064
+15
🇨🇳 Burgundians · China
946
+19
🇬🇧 Saxons · United Kingdom
1042
-18
🇺🇸 Danes · United States
1012
-16
kkkg
3:47 Double-Bit Axe
10:54 Horse Collar
13:34 Feudal Age
14:52 Wheelbarrow
15:08 Bow Saw
15:00 Heavy Plow
17:45 Castle Age
17:41 Gold Mining
19:28 Husbandry
18:48 Light Cavalry
22:52 Fervor
24:50 Hand Cart
26:04 Gold Shaft Mining
29:53 Imperial Age
28:04 Loom
28:04 Town Watch
28:07 Treadmill Crane
28:49 Ballistics
28:41 Masonry
29:52 Town Patrol
29:45 Stone Mining
31:02 Stone Shaft Mining
31:41 Chemistry
31:12 Architecture
30:42 Fletching
30:53 Padded Archer Armor
31:03 Forging
30:59 Scale Barding Armor
31:33 Bodkin Arrow
31:54 Scale Barding Armor
33:34 Conscription
33:22 Burgundian Vineyards
33:38 Conscription
34:34 Two-Man Saw
35:55 Leather Archer Armor
35:40 Bracer
36:16 Iron Casting
36:02 Chain Barding Armor
这是我的弟弟约翰
10:43 Feudal Age
15:17 Castle Age
13:50 Horse Collar
14:24 Double-Bit Axe
17:21 Bow Saw
21:45 Stone Mining
22:00 Heavy Plow
28:11 Imperial Age
26:41 Wheelbarrow
27:29 Ballistics
27:37 Hand Cart
27:47 Squires
28:10 Town Watch
30:00 Chemistry
30:41 Crenellations
31:37 Elite Skirmisher
32:18 Gold Mining
32:18 Stone Mining
32:17 Elite Teutonic Knight
33:38 Conscription
33:08 Arrowslits
33:33 Gambesons
35:26 Two-Man Saw
35:00 Crop Rotation
35:41 Loom
36:25 Forging
36:06 Fletching
36:16 Padded Archer Armor
36:17 Scale Mail Armor
36:22 Scale Barding Armor
36:48 Bloodlines
AKAxBOURNE
3:24 Loom
9:38 Feudal Age
10:05 Double-Bit Axe
10:02 Horse Collar
11:20 Wheelbarrow
17:14 Town Watch
20:05 Castle Age
18:00 Gold Mining
18:02 Stone Mining
20:05 Arson
20:58 Bow Saw
20:50 Heavy Plow
21:03 Forging
20:54 Scale Mail Armor
21:01 Squires
20:49 Gambesons
23:25 Chain Mail Armor
23:51 Iron Casting
24:33 Chain Mail Armor
26:26 Gold Shaft Mining
27:39 Stone Shaft Mining
27:36 Fletching
27:47 Padded Archer Armor
29:01 Pikeman
29:48 Bodkin Arrow
30:16 Leather Archer Armor
33:03 Man-at-Arms
d.dot
0:28 Loom
10:34 Feudal Age
11:01 Double-Bit Axe
10:57 Horse Collar
12:21 Wheelbarrow
19:41 Castle Age
18:48 Fletching
19:10 Forging
21:06 Bow Saw
21:53 Heavy Plow
22:32 Bodkin Arrow
23:13 Iron Casting
23:21 Pikeman
24:03 Squires
25:23 Town Watch
25:55 Hand Cart
27:49 Arson
28:11 Scale Mail Armor
27:38 Crossbowman
28:45 Thumb Ring
30:41 Town Patrol
34:27 Imperial Age
32:45 Chain Mail Armor
34:20 Padded Archer Armor
34:47 Gold Mining
34:50 Stone Mining
36:00 Ballistics
36:05 Bracer
35:28 Arbalester
35:53 Shield Wall
36:04 Capped Ram
Connection lost

Rejoining the realm…

Still unreachable

The connection could not be restored.

Session expired

The server has moved on; the page needs a fresh start.